 Dungeon Crawl Stone Soup version 0.25-a0-834-g55863b0b92 (webtiles) character file.

Game seed: 10410366059363476015, levelgen mode: deterministic

53569 Lugonue the Peltast (level 14, -2/88 HPs)
             Began as a Tengu Fighter on Apr 22, 2020.
             Was a High Priest of Vehumet.
             Killed from afar by a hell hound (25 damage)
             ... with a blast of flame
             ... in a Gauntlet.
             The game lasted 01:06:34 (19086 turns).

Lugonue the Peltast (Tengu Fighter)                Turns: 19086, Time: 01:06:44

Health: -2/88      AC: 19    Str: 17    XL:     14   Next: 69%
Magic:  31/33      EV: 20    Int: 16    God:    Vehumet [*****.]
Gold:   978        SH: 18    Dex: 13    Spells: 5/26 levels left

rFire    . . .     SeeInvis .   u - +0 long sword (protect)
rCold    . . .     Gourm    .   c - +0 kite shield
rNeg     . . .     Faith    .   a - +2 troll leather armour {Snorg}
rPois    +         Spirit   .   (helmet restricted)
rElec    .         Reflect  +   x - +1 cloak
rCorr    .         Harm     .   K - +2 pair of gloves
MR       +....     NoTele   +   (boots unavailable)
Stlth    ++........             k - +5 amulet of reflection
HPRegen  0.64/turn              E - ring of magical power
MPRegen  0.23/turn              F - ring of poison resistance

@: mighty, protection aura, stab, flying quickly and evasively, hasted, studying
Hexes, very quick
A: beak, talons 3, clever 1, mutation resistance 1, able to fly
a: Stop Flying, Renounce Religion


You were in a Gauntlet.
You worshipped Vehumet.
Vehumet was extremely pleased with you.
You were not hungry.

You visited 3 branches of the dungeon, and saw 21 of its levels.
You also visited: Gauntlet.

You collected 978 gold pieces.

Inventory:

Hand Weapons
 h - a +1 long sword of draining
 j - a +2 scimitar of flaming
 u - a +0 long sword of protection (weapon)
Armour
 a - a +2 troll leather armour (worn) {Snorg}
 c - a +0 kite shield (worn)
 x - a +1 cloak (worn)
 K - a +2 pair of gloves (worn)
Magical Staves
 z - an uncursed staff of fire
Jewellery
 i - an uncursed ring of ice
 k - a +5 amulet of reflection (around neck)
 w - an uncursed amulet of magic regeneration
 A - an uncursed ring of positive energy
 E - a ring of magical power (left hand)
 F - a ring of poison resistance (right hand)
Wands
 o - a wand of clouds (6)
 s - a wand of digging (15)
 v - a wand of flame (37)
 B - a wand of acid (12)
 C - a wand of disintegration (30)
 J - a wand of random effects (9)
Scrolls
 d - 3 scrolls of enchant armour
 g - 2 scrolls of amnesia
 l - 3 scrolls of enchant weapon
 q - 7 scrolls of identify
 y - 11 scrolls of remove curse
 L - a scroll of fog
 M - a scroll of fear
Potions
 n - 2 potions of stabbing
 p - 4 potions of mutation
 r - 2 potions of lignification
 t - 3 potions of cancellation
 G - 2 potions of ambrosia
 I - a potion of curing
Books
 e - a manual of Hexes
Comestibles
 f - 30 rations


   Skills:
 * Level 10.9 Fighting
 + Level 12.3 Long Blades
 - Level 6.5 Armour
 + Level 9.7 Dodging
 - Level 2.0 Stealth
 - Level 15.0 Shields
 * Level 6.5 Spellcasting
 + Level 4.8 Conjurations
 + Level 3.3 Hexes
 + Level 0.8 Charms
 + Level 1.2 Translocations
 + Level 1.6 Fire Magic
 + Level 1.8 Evocations


You had 5 spell levels left.
You knew the following spells:

 Your Spells              Type           Power        Failure   Level  Hunger
a - Shroud of Golubria    Chrm/Tloc      #.....       16%         2    None
b - Freezing Cloud        Conj/Ice/Air   ##........   94%         6    #######
c - Dazzling Flash        Conj/Hex       ###...       2%          3    ##.....
d - Ignite Poison         Fire/Tmut/Pois #.......     11%         3    ##.....
e - Stone Arrow           Conj/Erth      ##....       4%          3    ##.....
f - Corona                Hex            ###....      4%          1    None
g - Tukima's Dance        Hex            ###.....     12%         3    ##.....

Your spell library contained the following spells:

 Spells                   Type           Power        Failure   Level  Hunger
 Magic Dart               Conj           ###.         1%          1    None
 Searing Ray              Conj           ###...       1%          2    None
 Freeze                   Ice            #...         4%          1    None
 Sandblast                Erth           #.....       4%          1    None
 Fulminant Prism          Conj/Hex       ###.......   8%          4    ####...
 Apportation              Tloc           #.....       10%         1    None
 Infusion                 Chrm           #...         11%         1    None
 Ensorcelled Hibernation  Hex/Ice        ##....       12%         2    None
 Confusing Touch          Hex            ###.....     12%         3    ##.....
 Iskenderun's Mystic Bla  Conj/Tloc      ##......     12%         4    ####...
 Frozen Ramparts          Ice            #.....       13%         3    ##.....
 Beastly Appendage        Tmut           #.....       16%         1    None
 Summon Butterflies       Summ           #.......     16%         1    None
 Summon Small Mammal      Summ           #...         16%         1    None
 Hailstorm                Conj/Ice       ##......     16%         4    ####...
 Song of Slaying          Chrm           #.......     17%         2    None
 Spectral Weapon          Hex/Chrm       ##......     21%         3    ##.....
 Call Imp                 Summ           #.......     24%         2    None
 Passwall                 Tmut/Erth      #.......     24%         2    None
 Sticks to Snakes         Tmut           #.......     24%         2    None
 Summon Guardian Golem    Hex/Summ       ##......     24%         3    ##.....
 Gell's Gravitas          Tloc           #.........   28%         3    ##.....
 Lesser Beckoning         Tloc           #.........   28%         3    ##.....
 Ozocubu's Armour         Chrm/Ice       #.......     36%         3    ##.....
 Cause Fear               Hex            ###.......   36%         4    ####...
 Irradiate                Conj/Tmut      ##........   36%         5    #####..
 Call Canine Familiar     Summ           #.......     43%         3    ##.....
 Spider Form              Tmut/Pois      #.........   43%         3    ##.....
 Yara's Violent Unravell  Hex/Tmut       ##........   45%         5    #####..
 Lee's Rapid Deconstruct  Erth           #.........   69%         5    #####..
 Ice Form                 Ice/Tmut       #.......     83%         4    ####...
 Petrify                  Tmut/Erth      #.......     83%         4    ####...
 Summon Ice Beast         Ice/Summ       #.......     83%         4    ####...
 Summon Lightning Spire   Summ/Air       #.......     83%         4    ####...
 Metabolic Englaciation   Hex/Ice        ##........   91%         5    #####..
 Silence                  Hex/Air        ##........   91%         5    #####..
 Summon Mana Viper        Hex/Summ       ##......     91%         5    #####..
 Alistair's Intoxication  Tmut/Pois      #.......     99%         5    #####..
 Blade Hands              Tmut           #.........   99%         5    #####..
 Invisibility             Hex            ###.....     99%         6    #######
 Hydra Form               Tmut           #.........   100%        6    #######
 Statue Form              Tmut/Erth      #........    100%        6    #######
 Dragon Form              Tmut           #.........   100%        7    #######
 Summon Hydra             Summ           #.........   100%        7    #######
 Discord                  Hex            ###.......   100%        8    #######


Dungeon Overview and Level Annotations

Branches:
Dungeon (14/15)            Temple (0/1) D:6            Lair (6/6) D:10
 Shoals (0/4) Lair:4        Snake (0/4) Lair:4        Slime (0/5) Lair:5
    Orc (1/2) D:9          Vaults (0/5) D:13        Gauntlet (1/1)

Altars:
Ashenzari
Dithmenos
Elyvilon
Fedhas
Nemelex Xobeh
Qazlal
Ru
Sif Muna
Trog
Uskayaw
Vehumet
Wu Jian
Zin
Beogh
Jiyva

Annotations:
D:9 3 runed translucent doors, PaladinM's ghost, novice HuFi
D:12 exclusion: obsidian statue
Lair:2 exclusion: 2 oklob plants Gauntlet 8 transporters


Innate Abilities, Weirdness & Mutations

You have a beak for a mouth.
You have claws for feet.
You can fly continuously.
Your mind is acute. (Int +2)
You are somewhat resistant to further mutation.


Message History

You block the fire bat's attack. The hell hound bites you.
The fire bat closely misses you.
The hell hound pauses to sniff the ground.
You block the hell hound's attack. The hell hog breathes fire at you.
The fireball explodes!
The fireball engulfs you!!
The fireball engulfs the hell hog.
The hell hog resists.
The hell hog dies!
The fireball engulfs the hell hound.
The hell hound completely resists.
The fireball engulfs the hell hound.
The hell hound completely resists.
The fireball engulfs the fire bat.
The fire bat completely resists.
You feel yourself speed up. You block the fire bat's attack.
You block the hell hound's attack. x2; The fire bat barely misses you.
You feel very mighty all of a sudden. You block the fire bat's attack.
The fire bat closely misses you. The hell hound bites you. x2
* * * LOW HITPOINT WARNING * * *
The hell hound breathes flames at you. The blast of flame hits you!!
You die...

#...#≈.............§.........
..8.#∩............≈8≈........
#...#≈.............≈.........
#.8.#..###########...########
....#..#...[©?%.h#...#5...≈≈.
#.8.####.........#...#.≈≈≈..≈
#.....©#.#######.#...#≈.≈..≈.
..8.####.#.#h#b#.#.###?..≈≈.≈
#...#..#...h@bh..#.#©#©..≈©.≈
..##.#.#b#.##.#.#.≈.≈≈..
..#.#######.#.#.#..≈..≈≈
..#.........#.#.#5≈.≈≈.≈
..#.........#.#.#5...≈..
..#############.########
......#©........#≈≈≈≈8≈≈
≈.....#########.########
####..........#.#.......


You could see 3 hell hounds and 3 fire bats.

Vanquished Creatures
  An ironheart preserver (D:13)
  Snorg (Lair:3)
  2 hydras
  Erica (D:10)
  4 two-headed ogres
  A catoblepas (Lair:4)
  A death knight (D:13)
  A queen ant (D:10)
  Urug (D:11)
  A lindwurm (Lair:2)
  A shining eye (Gauntlet)
  4 ugly things
  2 cyclopes (D:12)
  2 manticores
  7 elephants
  4 black mambas
  A torpor snail (Lair:2)
  A gargoyle (D:12)
  5 spiny frogs
  2 kobold demonologists
  3 rime drakes
  7 komodo dragons
  9 trolls
  3 polar bears
  A hornet (D:10)
  A raiju (Gauntlet)
  6 dream sheep (Lair:5)
  16 blink frogs
  9 hippogriffs
  A wraith (D:11)
  A wyvern (D:9)
  36 yaks
  4 hungry ghosts
  A steam dragon (Gauntlet)
  7 basilisks
  2 nagas (Lair:4)
  A two-headed ogre zombie (D:9)
  7 water moccasins
  12 porcupines
  22 soldier ants
  A hornet zombie (D:9)
  A floating eye (Gauntlet)
  4 orc warriors
  2 sky beasts
  4 ice beasts
  4 phantoms
  18 wolves
  4 ogres
  2 necrophages
  A centaur (D:6)
  9 crocodiles
  4 big kobolds
  17 bullfrogs
  4 scorpions
  2 troll zombies (D:9)
  A wyvern skeleton (D:10)
  5 wights
  8 howler monkeys
  3 electric eels
  2 centaur zombies
  4 bullfrog zombies
  3 crimson imps
  2 centaur skeletons
  8 hounds
  10 jellies
  8 orc priests
  3 bullfrog skeletons
  A gnoll shaman (D:7)
  8 orc wizards
  Natasha (D:2)
  2 iguanas
  30 worker ants
  5 ogre zombies (D:9)
  2 hound skeletons
  2 worker ant zombies
  A howler monkey skeleton (D:9)
  4 gnolls (D:7)
  9 adders
  3 shadow imps
  13 oozes
  An adder zombie (D:5)
  A worm (D:2)
  2 dart slugs
  7 leopard geckos
  45 orcs
  4 giant cockroaches
  4 goblins
  6 hobgoblins
  15 jackals
  4 quokkas
  2 ball pythons
  3 bats
  4 frilled lizards
  3 goblin skeletons (D:9)
  4 goblin zombies (D:9)
  3 hobgoblin skeletons (D:9)
  5 hobgoblin zombies (D:9)
  17 kobolds
  A leopard gecko skeleton (D:5)
  2 orc skeletons (D:9)
  8 orc zombies (D:9)
  7 rats
555 creatures vanquished.

Vanquished Creatures (others)
  A hell hog (Gauntlet)
  A cyclops (D:13)
  A dancing weapon (D:13)
  An orc warrior (D:8)
  2 centaurs
  An orc (D:4)
  3 demonic plants (Gauntlet)
  104 foxfires
  12 fungi
  6 plants
132 creatures vanquished.

Grand Total: 687 creatures vanquished

Notes
Turn   | Place    | Note
-------+----------+-------------------------------------------
     0 | D:1      | Lugonue the Tengu Fighter began the quest for the Orb.
     0 | D:1      | Reached XP level 1. HP: 14/14 MP: 2/2
   240 | D:1      | Reached XP level 2. HP: 19/19 MP: 3/3
   599 | D:2      | Found a sparkling altar of Nemelex Xobeh.
   673 | D:2      | Reached XP level 3. HP: 23/23 MP: 4/4
   828 | D:2      | Reached XP level 4. HP: 25/29 MP: 5/5
   883 | D:2      | Reached skill level 1 in Dodging
  1543 | D:2      | Noticed Natasha
  1563 | D:2      | Killed Natasha
  1776 | D:2      | Gained mutation: You can fly continuously. [Tengu growth]
  1776 | D:2      | Reached XP level 5. HP: 32/33 MP: 6/6
  1886 | D:3      | Found a glowing silver altar of Zin.
  1986 | D:3      | Reached skill level 1 in Stealth
  2432 | D:4      | Found a stormy altar of Qazlal.
  2447 | D:4      | Reached XP level 6. HP: 36/39 MP: 7/7
  2479 | D:4      | Found a radiant altar of Vehumet.
  2603 | D:4      | Found a shimmering blue altar of Sif Muna.
  2721 | D:4      | Got a translucent leather armour
  2742 | D:4      | Identified the cursed +0 leather armour of Saifoillul
                  | {*Corrode rElec rN+++ MR-} (You found it on level 4 of the
                  | Dungeon)
  2788 | D:4      | Gained mutation: You are agile. (Dex +2) [potion of
                  | mutation]
  2788 | D:4      | Gained mutation: You are somewhat resistant to further
                  | mutation. [potion of mutation]
  2834 | D:4      | Reached skill level 4 in Shields
  2846 | D:4      | Became a worshipper of Vehumet
  3061 | D:5      | Entered Level 5 of the Dungeon
  3065 | D:5      | Noticed a necrophage
  3067 | D:5      | Reached XP level 7. HP: 38/44 MP: 8/8
  3077 | D:4      | Reached skill level 5 in Fighting
  3455 | D:4      | Reached skill level 5 in Armour
  3493 | D:5      | Found a white marble altar of Elyvilon.
  3497 | D:5      | Reached skill level 5 in Long Blades
  3615 | D:5      | Reached XP level 8. HP: 35/50 MP: 9/9
  3642 | D:5      | Found an ornate altar of the Wu Jian Council.
  3651 | D:5      | Reached * piety under Vehumet
  3651 | D:5      | Offered knowledge of Magic Dart by Vehumet.
  3654 | D:5      | Learned a level 1 spell: Magic Dart
  3698 | D:5      | Reached skill level 12 in Shields
  3698 | D:5      | Reached XP level 9. HP: 34/54 MP: 10/10
  4019 | D:6      | Reached skill level 13 in Shields
  4043 | D:6      | Noticed a +0 dagger
  4043 | D:6      | Noticed a +0 hand axe
  4044 | D:6      | Found a hide-covered altar of Uskayaw.
  4131 | D:6      | Found a blossoming altar of Fedhas.
  4491 | D:6      | Found a staircase to the Ecumenical Temple.
  5056 | D:7      | Found a bloodstained altar of Trog.
  5301 | D:7      | Reached ** piety under Vehumet
  5751 | D:8      | Offered knowledge of Foxfire by Vehumet.
  5760 | D:8      | Reached XP level 10. HP: 61/61 MP: 11/11
  5777 | D:8      | Found a shattered altar of Ashenzari.
  5839 | D:8      | Found a shadowy altar of Dithmenos.
  6057 | D:8      | Learned a level 1 spell: Foxfire
  6197 | D:8      | Found a hide-covered altar of Uskayaw.
  6761 | D:8      | Learned a level 3 spell: Dazzling Flash
  6811 | D:9      | Found a staircase to the Orcish Mines.
  6822 | D:9      | Offered knowledge of Inner Flame by Vehumet.
  7134 | D:9      | Reached *** piety under Vehumet
  7239 | D:9      | Found a runed translucent gate.
  7240 | D:9      | Found a runed translucent gate.
  7242 | D:9      | Found a runed translucent gate.
  7244 | D:9      | Noticed PaladinM's ghost (novice HuFi)
  7245 | D:9      | Offered knowledge of Ignite Poison by Vehumet.
  7252 | D:9      | Identified the +11 plate armour of Nalel {-Cast MR- Regen+
                  | Str+6}
  7255 | D:9      | Identified the +9 short sword of Abomination {venom, rF+
                  | rN+ MR-}
  7255 | D:9      | Identified the cursed +1 chain mail "Jefaler" {-Cast rPois
                  | Int+2}
  7274 | D:9      | Learned a level 3 spell: Ignite Poison
  7386 | D:9      | Reached skill level 1 in Conjurations
  7665 | D:9      | Found a sacrificial altar of Ru.
  7845 | D:9      | Found a roughly hewn altar of Beogh.
  7863 | D:10     | Entered Level 10 of the Dungeon
  7906 | D:10     | Reached **** piety under Vehumet
  7912 | D:10     | Reached skill level 1 in Evocations
  7929 | D:10     | Offered knowledge of Irradiate by Vehumet.
  8155 | D:10     | Reached XP level 11. HP: 47/67 MP: 13/13
  8184 | D:10     | Reached skill level 1 in Spellcasting
  8200 | D:10     | Reached skill level 1 in Fire Magic
  8216 | D:10     | Noticed a queen ant
  8265 | D:10     | Killed a queen ant
  8930 | D:10     | Found a staircase to the Lair.
  9602 | D:10     | Reached skill level 5 in Dodging
  9743 | D:10     | Noticed Erica
  9743 | D:10     | Noticed a two-headed ogre
  9798 | D:10     | Killed a two-headed ogre
  9798 | D:10     | Reached ***** piety under Vehumet
  9845 | D:10     | Killed Erica
  9895 | D:10     | Offered knowledge of Ozocubu's Refrigeration by Vehumet.
  9900 | D:10     | Learned a level 3 spell: Stone Arrow
 10609 | D:11     | Reached XP level 12. HP: 70/75 MP: 12/16
 10760 | D:11     | Noticed Urug
 11222 | D:11     | Reached skill level 14 in Shields
 11251 | D:11     | Identified a scroll of acquirement
 11331 | D:11     | Killed Urug
 11596 | D:11     | Noticed a two-headed ogre
 11606 | D:11     | Killed a two-headed ogre
 11801 | D:12     | Noticed a two-headed ogre
 11814 | D:12     | Killed a two-headed ogre
 11820 | D:12     | Learned a level 1 spell: Corona
 11824 | D:12     | Learned a level 3 spell: Tukima's Dance
 11972 | D:12     | Reached skill level 1 in Hexes
 12328 | D:13     | Noticed an ironheart preserver
 12358 | D:13     | Found a gate to the Vaults.
 12415 | D:13     | Killed an ironheart preserver
 12415 | D:13     | Reached skill level 10 in Long Blades
 12421 | D:13     | Offered knowledge of Starburst by Vehumet.
 12438 | D:13     | Reached XP level 13. HP: 79/80 MP: 19/19
 13615 | Orc:1    | Entered Level 1 of the Orcish Mines
 13683 | Lair:1   | Entered Level 1 of the Lair of Beasts
 13806 | Lair:1   | Found the +10 tower shield of Ignorance {rN+ Int-4}
 14080 | Lair:1   | Learned a level 6 spell: Starburst
 14860 | Lair:2   | Learned a level 2 spell: Shroud of Golubria
 15101 | Lair:2   | Found a dark tunnel.
 15477 | Lair:2   | Offered knowledge of Iskenderun's Battlesphere by Vehumet.
 15499 | Lair:2   | Reached skill level 5 in Spellcasting
 16004 | Lair:3   | Reached skill level 10 in Fighting
 16270 | Lair:3   | Reached XP level 14. HP: 88/88 MP: 23/23
 16336 | Lair:3   | Noticed Snorg
 16354 | Lair:3   | Killed Snorg
 16949 | Lair:4   | Found a sacrificial altar of Ru.
 17108 | Lair:4   | Reached skill level 15 in Shields
 17108 | Lair:4   | Reached skill level 1 in Translocations
 17207 | Lair:4   | Found a staircase to the Shoals.
 17508 | Lair:4   | Found a staircase to the Snake Pit.
 18192 | Lair:5   | Offered knowledge of Freezing Cloud by Vehumet.
 18415 | Lair:5   | Learned a level 6 spell: Freezing Cloud
 18494 | Lair:5   | Found a staircase to the Slime Pits.
 18498 | Lair:5   | Found a viscous altar of Jiyva.
 18781 | Lair:6   | Entered Level 6 of the Lair of Beasts
 18814 | Lair:6   | Found a gate leading to a gauntlet.
 18823 | Gauntlet | Entered a Gauntlet
 18823 | Gauntlet | Found a transporter.
 18823 | Gauntlet | Found a transporter.
 18837 | Gauntlet | Found a transporter.
 18837 | Gauntlet | Found a transporter.
 18848 | Gauntlet | Found a transporter.
 18851 | Gauntlet | Found a transporter.
 18858 | Gauntlet | Found a transporter.
 18858 | Gauntlet | Found a transporter.
 18903 | Gauntlet | Found a transporter.
 18997 | Gauntlet | Found a transporter.
 19007 | Gauntlet | Found a transporter.
 19030 | Gauntlet | Found a transporter.
 19034 | Gauntlet | Gained mutation: Your body sometimes deteriorates upon
                  | taking damage. [a shining eye]
 19055 | Gauntlet | Lost mutation: Your body sometimes deteriorates upon taking
                  | damage. [potion of mutation]
 19055 | Gauntlet | Lost mutation: You are agile. (Dex +2) [potion of mutation]
 19055 | Gauntlet | Gained mutation: Your mind is acute. (Int +2) [potion of
                  | mutation]
 19065 | Gauntlet | Found a transporter.
 19086 | Gauntlet | Killed from afar by a hell hound

Levels and vault maps discovered:
D:1:      dpeg_arrival_round_b, layout_basic, serial_forest,
          infiniplex_forest_lined_corner, infiniplex_forest_straight_5,
          infiniplex_forest_clump_medium, infiniplex_forest_clump_long,
          infiniplex_forest_corner_2, infiniplex_forest_straight_3,
          infiniplex_forest_lined_ring, infiniplex_forest_straight_3,
          infiniplex_forest_straight_3, serial_park_tiny_1
D:2:      layout_basic, lemuel_crystal_altar, first_ration, st_stairs_8,
          uniq_natasha
D:3:      layout_loops_ring, zin_statuary
D:4:      layout_rooms, lemuel_crystal_altar, vehumet_altar_wand_db,
          old_standard_altar
D:5:      layout_rooms, kennysheep_mini, nicolae_overflow_crystal_walls
D:6:      layout_cave_pods, dancing_weapons_uskayaw, fedhas_altar_3,
          minmay_temple_entry_sparse_star
D:7:      layout_gridville, nicolae_overflow_hidden_temple,
          lightli_temple_of_fire
D:8:      layout_cave_pools, evilmike_ruin_ashenzari, grunt_dithmenos_smoke,
          basic_altar, hangedman_pestilent_swarm,
          minmay_fractal_squares_diagonal_5
D:9:      layout_rooms, zombieorc2_lemuel, biasface_ghost_orc_armoury,
          hangedman_ru_absence
D:10:     layout_roguey, david_lair_shrubbed, minivault_29, uniq_erica
D:11:     layout_big_octagon, uniq_urug
D:12:     layout_cave_pools, minivault_16
D:13:     layout_small_grid, skrybe_vaults_entry_preservation
D:14:     layout_cave_pools, basic_altar, gammafunk_ghost_crypt,
          wad_floor_pattern_untrapped
Lair:1:   layout_cave_pods, minmay_holes
Lair:2:   lemuel_slime, layout_big_grid, portal_ice_cave_rime,
          nicolae_volcano_entry_vermiform, grunt_megastairs_1,
          infiniplex_staircase_pool_2, minmay_lair_oklob_chamber
Lair:3:   layout_chaotic_city, grunt_megastairs_4, infiniplex_staircase_pool,
          serial_bayou_shore_b, uniq_snorg
Lair:4:   layout_regular_city, minmay_shoals_entry_beasts,
          guppyfry_snake_entry_island, basic_altar
Lair:5:   layout_long_grid, slime_altar_1
Lair:6:   evilmike_catoblepas_cave, layout_regular_city, gauntlet_entry_generic,
          serial_bayou_shore_a, serial_bayou_shore_b
Orc:1:    layout_diamond_mine, uniq_josephine
Gauntlet: gammafunk_gauntlet_branching [gammafunk_gauntlet_arena_chambers,
          nicolae_gauntlet_arena_t_cross, gammafunk_gauntlet_arena_grid,
          gammafunk_gauntlet_arena_arrow_garden,
          nicolae_gauntlet_arena_flowing_pool, nicolae_gauntlet_arena_quarters,
          gammafunk_gauntlet_arena_corners, gammafunk_gauntlet_arena_teeth,
          gauntlet_exit_green]

Skill      XL: |  1  2  3  4  5  6  7  8  9 10 11 12 13 14 |
---------------+-------------------------------------------+-----
Dodging        | 1 2 3 4 6 7 9 |  9.7
Fighting       | 4 5 6 7 8 9 10 | 10.9
Long Blades    | 3 4 5 6 7 8 10 11 12 | 12.3
Stealth        | 1 2 |  2.0
Armour         | 4 5 6 |  6.5
Shields        | 4 12 13 14 15 | 15.0
Conjurations   | 1 2 4 |  4.8
Evocations     | 1 |  1.8
Spellcasting   | 2 3 5 6 |  6.5
Fire Magic     | 1 |  1.6
Hexes          | 1 2 3 |  3.3
Translocations | 1 |  1.2
Charms         | |  0.8

Action                   |  1- 3 |  4- 6 |  7- 9 | 10-12 | 13-15 || total
-------------------------+-------+-------+-------+-------+-------++-------
Melee: Long sword        |    57 |   133 |   230 |   712 |   207 ||  1339
       Kick              |    15 |    48 |    71 |   318 |   343 ||   795
       Peck              |     7 |    34 |    42 |   203 |   232 ||   518
       Scimitar          |       |       |       |   199 |   662 ||   861
 Cast: Magic Dart        |       |       |     7 |    30 |       ||    37
       Foxfire           |       |       |       |    61 |       ||    61
       Stone Arrow       |       |       |       |    41 |    33 ||    74
       Dazzling Flash    |       |       |       |     8 |    33 ||    41
       Ignite Poison     |       |       |       |     1 |       ||     1
       Corona            |       |       |       |    14 |    38 ||    52
       Tukima's Dance    |       |       |       |     3 |     4 ||     7
       Shroud of Golubri |       |       |       |       |    20 ||    20
 Abil: Fly               |       |     1 |       |       |       ||     1
Evoke: Wand              |       |       |     5 |    18 |     9 ||    32
  Use: Scroll            |       |    12 |     1 |    11 |    12 ||    36
       Potion            |       |     1 |     2 |    14 |     7 ||    24
 Stab: Sleeping          |       |       |       |     6 |     5 ||    11
       Invisible         |       |       |       |    12 |    16 ||    28
       Confused          |       |       |       |     1 |       ||     1
  Eat: Ration            |       |     1 |     1 |     5 |     1 ||     8
       Chunk             |       |     4 |     6 |    21 |    28 ||    59
Armor: Scale mail        |    30 |    38 |    49 |    86 |       ||   203
       Leather armour    |       |     2 |       |       |       ||     2
       Skin              |       |       |       |    11 |       ||    11
       Troll leather arm |       |       |       |    24 |    98 ||   122
Dodge: Dodged            |    22 |    41 |    66 |   276 |   407 ||   812
Block: Kite shield       |    23 |    78 |   177 |   746 |   791 ||  1815
       Reflection        |       |     7 |     7 |    19 |     3 ||    36
       Rpst.: Long sword |     4 |    17 |    10 |    65 |    28 ||   124
       Scimitar          |       |       |       |    14 |    53 ||    67

Table legend:
 A = Non-vault XP
 B = Vault XP
 C = Vault XP percentage of total XP
 D = Non-vault monster count
 E = Vault monster count
 F = Vault count percentage of total count
                 A         B        C        D         E       F
            +---------+---------+-------+---------+---------+-------
      Total |   55701 |   19501 |  25.9 |     426 |     135 |  24.1
            +---------+---------+-------+---------+---------+-------
        D:1 |      10 |       0 |   0.0 |       6 |       0 |   0.0
        D:2 |     107 |      51 |  32.3 |      25 |       3 |  10.7
        D:3 |     111 |       0 |   0.0 |      16 |       0 |   0.0
        D:4 |     435 |       2 |   0.5 |      31 |       1 |   3.1
        D:5 |     822 |       0 |   0.0 |      26 |       0 |   0.0
        D:6 |     930 |       0 |   0.0 |      18 |       0 |   0.0
        D:7 |     696 |       0 |   0.0 |      11 |       0 |   0.0
        D:8 |     795 |     614 |  43.6 |      21 |       7 |  25.0
        D:9 |    2243 |     965 |  30.1 |      30 |      36 |  54.5
       D:10 |    3491 |    5906 |  62.8 |      29 |      42 |  59.2
       D:11 |    6587 |     871 |  11.7 |      40 |       1 |   2.4
       D:12 |    3812 |       0 |   0.0 |      13 |       0 |   0.0
       D:13 |    4335 |    4226 |  49.4 |      28 |       9 |  24.3
     Lair:1 |    2864 |       0 |   0.0 |      18 |       0 |   0.0
     Lair:2 |    5112 |    2837 |  35.7 |      21 |      26 |  55.3
     Lair:3 |    7983 |    1112 |  12.2 |      33 |       1 |   2.9
     Lair:4 |    7126 |    1071 |  13.1 |      20 |       4 |  16.7
     Lair:5 |    7815 |       0 |   0.0 |      39 |       0 |   0.0
     Lair:6 |     427 |       0 |   0.0 |       1 |       0 |   0.0
   Gauntlet |       0 |    1846 | 100.0 |       0 |       5 | 100.0
            +---------+---------+-------+---------+---------+-------
